 Dungeon Crawl Stone Soup version 0.28.0-47-ge53b351184 (webtiles) character file.

Game seed: 379685545644644633

575 pkoi the Magician (level 6, -1/45 HPs)
             Began as a Demigod Hedge Wizard on May 8, 2022.
             Succumbed to a scorpion's poison
             ... on level 4 of the Dungeon.
             The game lasted 00:06:40 (5787 turns).

pkoi the Magician (Demigod Hedge Wizard)            Turns: 5787, Time: 00:06:42

Health: -1/45      AC:  1    Str: 17    XL:     6   Next: 88%
Magic:  14/16      EV: 12    Int: 24    God:
Gold:   98         SH:  5    Dex: 13    Spells: 5/14 levels left

rFire   . . .      SeeInvis .   p - +0 short sword (venom)
rCold   . . .      Faith    .   (no shield)
rNeg    . . .      Spirit   .   b - +0 robe
rPois   .          Reflect  +   c - +0 hat
rElec   .          Harm     .   (no cloak)
rCorr   .          Rampage  .   (no gloves)
Will    .....                   (no boots)
Stlth   ++........              f - amulet of reflection
HPRegen 0.15/turn               m - +6 ring of strength
MPRegen 0.15/turn               (no ring)

@: lethally poisoned (-1 -> -7)
A: high MP 1, forlorn, divine attributes, hooves 1, horns 1, deformed body
a: no special abilities


You were on level 4 of the Dungeon.
You visited 1 branch of the dungeon, and saw 4 of its levels.

You collected 98 gold pieces.

Inventory:

Hand Weapons
 a - a +0 dagger
 e - a +0 short sword
 g - a +1 mace of protection
 h - a +2 hunting sling of freezing
 p - a +0 short sword of venom (weapon)
 q - a +2 whip of flaming
Missiles
 l - 60 stones
 o - 33 sling bullets
Armour
 b - a +0 robe (worn)
 c - a +0 hat (worn)
Jewellery
 f - an amulet of reflection (around neck)
 j - a ring of fire
 m - a +6 ring of strength (left hand)
Scrolls
 d - a scroll of identify
Potions
 k - 2 potions of magic


   Skills:
 - Level 1.7 Dodging
 - Level 1.7 Stealth
 + Level 4.7 Spellcasting
 + Level 2.3 Conjurations
 - Level 0.8 Summonings
 + Level 2.4 Translocations
 + Level 2.0 Fire Magic
 + Level 2.3 Air Magic
 + Level 2.0 Poison Magic


You had 5 spell levels left.
You knew the following spells:

 Your Spells              Type           Power      Damage    Failure   Level
a - Magic Dart            Conj           64%        1d6       3%          1
b - Blink                 Tloc           34%        N/A       4%          2
c - Conjure Flame         Conj/Fire      16%        6-21      11%         3
d - Mephitic Cloud        Conj/Pois/Air  16%        N/A       11%         3

Your spell library contained the following spells:

 Spells                   Type           Power      Damage    Failure   Level
 Pain                     Necr           20%        1d5       9%          1
 Slow                     Hex            20%        N/A       9%          1
 Call Imp                 Summ           9%         N/A       10%         2
 Alistair's Intoxication  Tmut/Pois      6%         N/A       86%         5
 Agony                    Necr           5%         N/A       94%         5
 Borgnjor's Vile Clutch   Necr/Erth      2%         N/A       94%         5
 Excruciating Wounds      Necr           2%         N/A       94%         5
 Eringya's Noxious Bog    Tmut/Pois      5%         N/A       100%        6


Dungeon Overview and Level Annotations

Branches:
Dungeon (4/15)
 Temple: D:4-7


Innate Abilities, Weirdness & Mutations

You have an increased reservoir of magic. (+10% MP)
You shall have no god before yourself.
Your divine heritage dramatically boosts your attributes as you level up.
You have large cloven feet.
You have a pair of small horns on your head.
Armour fits poorly on your strangely shaped body.


Message History

There is a lethal amount of poison in your body!
Okay, then.
Okay, then.
There is a lethal amount of poison in your body!
There is a lethal amount of poison in your body!
As you read the scroll of teleportation, it crumbles to dust.
You feel strangely unstable.
* * * LOW HITPOINT WARNING * * *
You feel very sick.
Unknown command.
Okay, then.
Okay, then.
Casting: Magic Dart (safe; 3% risk of failure)
Confirm with . or Enter, or press ? or * to list all spells.
Okay, then.
Casting: Magic Dart (safe; 3% risk of failure)
Confirm with . or Enter, or press ? or * to list all spells.
You blink.
Found a morningstar and a mace.
* * * LOW HITPOINT WARNING * * *
You feel sick.
Unknown command.
Your surroundings suddenly seem different.
* * * LOW HITPOINT WARNING * * *
You feel very sick.
Okay, then.
Okay, then.
Really quaff the potion of mutation?
You feel extremely strange.
You feel less in control of your magic.
Your bones become slightly less dense.
You feel robust.
* * * LOW HITPOINT WARNING * * *
You feel sick.
Really quaff the potion of mutation?
You feel extremely strange.
You regain control of your magic.
You feel frail.
Your skeletal structure returns to normal.
Your body twists and deforms.
A pair of horns grows on your head!
Your feet thicken and deform.
You feel stable enough to blink again.
You die...

######.....#........#.........#.
#.....#..g.....#.........#.
#.....#...........?......'.
########'#####.....[.....##
#.).# #...........## #.g.#
#...........## #...#
#####.......# ####'####
#.......# #.....@.# #########
#.......# ########.......#
#gg.g..'.รท.....#
#.######.......# #.......#
#########


There were no monsters in sight!

Vanquished Creatures
  A black bear (D:4)
  An ogre (D:4)
  3 scorpions (D:4)
  2 jellies (D:4)
  A gnoll shaman (D:4)
  A gnoll (D:4)
  5 adders
  2 adder skeletons (D:4)
  A worm (D:3)
  A dart slug (D:4)
  4 orcs (D:4)
  7 ball pythons
  6 endoplasms
  A giant cockroach (D:2)
  5 goblins
  4 hobgoblins
  6 jackals
  4 kobolds
  A quokka (D:1)
  11 bats
  2 frilled lizards
  6 rats
75 creatures vanquished.

Vanquished Creatures (others)
  4 fungi (D:4)
4 creatures vanquished.

Grand Total: 79 creatures vanquished

Notes
Turn   | Place    | Note
-------+----------+-------------------------------------------
     0 | D:1      | pkoi the Demigod Hedge Wizard began the quest for the Orb.
     0 | D:1      | Reached XP level 1. HP: 14/14 MP: 6/6
   204 | D:1      | Reached skill level 3 in Spellcasting
   607 | D:1      | Reached XP level 2. HP: 20/20 MP: 6/8
  1826 | D:2      | Reached XP level 3. HP: 8/26 MP: 1/11
  2377 | D:2      | Reached skill level 4 in Spellcasting
  3099 | D:3      | Learned a level 2 spell: Blink
  3103 | D:3      | Learned a level 3 spell: Conjure Flame
  3107 | D:3      | Learned a level 3 spell: Mephitic Cloud
  3763 | D:4      | Noticed a black bear
  3772 | D:4      | Killed a black bear
  3773 | D:4      | Reached skill level 1 in Conjurations
  3773 | D:4      | Reached skill level 1 in Translocations
  3773 | D:4      | Reached skill level 1 in Air Magic
  3773 | D:4      | Reached XP level 4. HP: 3/33 MP: 9/13
  3773 | D:4      | Reached XP level 5. HP: 4/38 MP: 9/14
  4095 | D:4      | Reached skill level 1 in Fire Magic
  4107 | D:4      | Reached skill level 1 in Poison Magic
  4623 | D:4      | Noticed an ogre
  4678 | D:4      | Killed an ogre
  4679 | D:4      | Reached XP level 6. HP: 29/45 MP: 16/16
  5785 | D:4      | HP: 2/45 [poisoned by a scorpion]
  5786 | D:4      | Gained mutation: Your spells are a little harder to cast,
                  | but a little more powerful. [potion of mutation]
  5786 | D:4      | Gained mutation: You have a somewhat thin skeletal
                  | structure. (Dex +2, Stealth+) [potion of mutation]
  5786 | D:4      | Gained mutation: You are robust. (+10% HP) [potion of
                  | mutation]
  5787 | D:4      | Lost mutation: Your spells are a little harder to cast, but
                  | a little more powerful. [potion of mutation]
  5787 | D:4      | Lost mutation: You are robust. (+10% HP) [potion of
                  | mutation]
  5787 | D:4      | Lost mutation: You have a somewhat thin skeletal structure.
                  | (Dex +2, Stealth+) [potion of mutation]
  5787 | D:4      | Gained mutation: Armour fits poorly on your strangely
                  | shaped body. [potion of mutation]
  5787 | D:4      | Gained mutation: You have a pair of small horns on your
                  | head. [potion of mutation]
  5787 | D:4      | Gained mutation: You have large cloven feet. [potion of
                  | mutation]
  5787 | D:4      | Succumbed to a scorpion's poison

Illustrated notes

Levels and vault maps discovered:
D:1:      minmay_arrival_glassed_features, layout_rooms
D:2:      layout_rooms, basic_altar, chequers_ecumenical_altar_grove,
          chequers_mini_garden
D:3:      layout_loops_ring, nicolae_ru_the_path_less_chosen, grunt_ministairs_1
D:4:      old_forge, layout_basic, uniq_natasha

Skill      XL: |  1  2  3  4  5  6 |
---------------+-------------------+-----
Spellcasting   | 3 4 |  4.7
Conjurations   | 1 2 |  2.3
Translocations | 1 2 |  2.4
Air Magic      | 1 2 |  2.3
Fire Magic     | 1 2 |  2.0
Poison Magic   | 1 2 |  2.0
Dodging        | |  1.7
Stealth        | |  1.7
Summonings     | |  0.8

Action                   |  1- 3 |  4- 6 || total
-------------------------+-------+-------++-------
Melee: Mace              |    33 |       ||    33
       Short sword       |       |    44 ||    44
       Whip              |       |     9 ||     9
       Punch             |       |     1 ||     1
 Fire: Hunting sling     |    54 |    37 ||    91
 Cast: Magic Dart        |    61 |       ||    61
       Blink             |     1 |     1 ||     2
  Use: Scroll            |     3 |     4 ||     7
       Potion            |       |     2 ||     2
 Stab: Sleeping          |     1 |     1 ||     2
       Held in net/web   |       |     1 ||     1
Armor: Robe              |    16 |    11 ||    27
Dodge: Dodged            |    48 |    45 ||    93
Block: Other             |    12 |    17 ||    29
